Map: Waterfall

Players

BeepBoop

  • Race: Zerg Zerg
  • League: Gold
  • Spawn Location: 7:00

MattBarry - Winner!

  • Race: Zerg Zerg
  • League: Gold
  • Spawn Location: 1:00

VOD

Have the link to the VOD?

Description

Time

  • Played on: Jan. 21, 2023, 5:38 a.m.
  • Length: 7:47
Show
View Real Time Build Order
Export as new Build Order

BeepBoop Zerg 

Build Orders: Pool First 

Get SALT Encoding   

  12  0:03  Drone  
  13  0:13  Overlord  
  13  0:17  Drone  
  14  0:31  Drone x2  
  14  0:35  Extractor  
  15  0:47  Spawning Pool  
  15  0:48  Drone  
  15  0:51  Drone  
  16  1:00  Drone  
  17  1:09  Drone  
  18  1:19  Drone  
  19  1:30  Overlord  
  19  1:38  Roach Warren  
  18  1:40  Queen  
  18  1:42  Drone  
  21  1:52  Drone  
  22  2:19  Roach x2  
  26  2:27  Roach  
  28  2:42  Roach  
  30  2:52  Overlord  
  30  3:04  Hatchery  
  29  3:08  Lair  
  21  3:48  Roach x4  
  21  3:49  Roach x3  
  33  4:03  Drone x2  
  35  4:19  Roach  
  37  4:36  Drone x4  
  37  4:38  Queen  
  41  4:42  Overlord  
  43  4:55  Drone  
  44  5:00  Queen  
  24  5:26  Drone x6  
  30  5:40  Drone x2  
  32  5:58  Zergling x2  
  32  5:59  Zergling x8  
  37  6:14  Zergling x2  
  37  6:15  Zergling x10  
  37  6:50  Zergling x12  
Show
View Real Time Build Order
Export as new Build Order

MattBarry Zerg - Winner!

Build Orders: Pool First 

Get SALT Encoding   

  12  0:00  Drone  
  13  0:10  Drone  
  14  0:18  Extractor  
  14  0:19  Drone  
  15  0:31  Spawning Pool  
  14  0:38  Extractor  
  14  0:41  Drone  
  14  0:44  Overlord  
  14  1:03  Drone  
  15  1:16  Hatchery  
  14  1:22  Zergling x2  
  14  1:25  Zergling x2  
  16  1:29  Zergling x2  
  17  1:34  Drone  
  18  1:44  Metabolic Boost  
  18  1:56  Queen  
  20  2:06  Drone  
  21  2:20  Zergling x2  
  22  2:23  Overlord  
  22  2:32  Zergling x6  
  25  2:40  Queen  
  25  2:43  Zergling x4  
  29  2:59  Zergling x2, Evolution Chamber  
  29  3:00  Zergling x2  
  29  3:03  Zergling x2  
  31  3:06  Drone x2  
  33  3:14  Overlord  
  26  3:43  Zergling x12  
  32  3:49  Zerg Melee Weapons Level 1  
  32  3:54  Drone x2  
  34  4:22  Zergling x18  
  43  4:32  Roach Warren  
  42  4:39  Drone x2  
  42  4:45  Overlord  
  44  4:55  Overlord  
  32  5:12  Roach x4  
  33  5:22  Lair  
  32  5:28  Drone  
  32  5:29  Drone x3  
  36  5:43  Zergling x8  
  36  5:44  Extractor  
  36  5:49  Zergling x4  
  41  5:55  Zergling x4  
  41  5:58  Zergling x2  
  41  5:59  Zergling x2  
  41  6:03  Zergling x2  
  44  6:09  Zergling x6  
  46  6:17  Zergling x6  
  49  6:30  Roach x3  
  44  6:54  Roach x7  
  54  7:07  Queen  
  53  7:09  Roach x2  
  48  7:30  Zergling x10  
Tags
 
League
GoldGold
Matchup
ZvZ
Race
Zerg
Replay Pack
Multiplayer
Spawn Locations
Cross Positions
Add a new tag
Caveats
  • Supply blocks, unpowered buildings, or Contaminate may cause inaccurate times.
  • Supply counts are checked every 10 seconds.